 Dungeon Crawl Stone Soup version 0.28-a0-1199-gef9e1dbd39 (webtiles) character file.

Game seed: 16724038161822396011

51 sanka the Slasher (level 3, -1/31 HPs)
             Began as a Palentonga Fighter on Dec 19, 2021.
             Slain by a phantom (5 damage)
             ... on level 3 of the Dungeon.
             The game lasted 00:01:55 (1762 turns).

sanka the Slasher (Palentonga Fighter)              Turns: 1762, Time: 00:01:56

Health: -1/31      AC:  6    Str: 21    XL:     3   Next: 58%
Magic:  3/3        EV:  7    Int:  8    God:
Gold:   119        SH:  4    Dex:  9    Spells: 2/2 levels left

rFire   . . .      SeeInvis +   a - +0 long sword
rCold   . . .      Faith    .   c - +0 buckler
rNeg    . . .      Spirit   .   b - +0 scale mail
rPois   .          Reflect  .   (no helmet)
rElec   .          Harm     .   (no cloak)
rCorr   .          Rampage  .   (no gloves)
Will    .....                   (no barding)
Stlth   ..........              (no amulet)
HPRegen 0.10/turn               (no ring)
MPRegen 0.08/turn               (no ring)

@: mighty
A: large, rugged brown scales 3, see invisible, deformed body, roll 1, armoured
tail
a: Rolling Charge


You were on level 3 of the Dungeon.
You visited 1 branch of the dungeon, and saw 3 of its levels.

You collected 119 gold pieces.


Innate Abilities, Weirdness & Mutations

You are completely covered in rugged brown scales. (AC +3, +7% HP)
You have supernaturally acute eyesight. (SInv)
Armour fits poorly on your strangely shaped body.
You can roll at nearby foes to attack.
You have a long armoured tail.


   Skills:
 - Level 3.0 Fighting
 + Level 4.0 Long Blades
 - Level 2.4 Armour
 - Level 2.4 Shields


You had 2 spell levels left.
You didn't know any spells.
Your spell library contained the following spells:

 Spells                   Type           Power      Damage    Failure   Level
 Sandblast                Erth           0%         2d4       75%         1
 Passwall                 Tmut/Erth      0%         N/A       87%         2
 Stone Arrow              Conj/Erth      0%         3d7       98%         3

Inventory:

Hand Weapons
 a - a +0 long sword (weapon)
Armour
 b - a +0 scale mail (worn)
 c - a +0 buckler (worn)
Scrolls
 e - a scroll of vulnerability {unknown}
 g - a scroll of enchant weapon {unknown}
 h - a scroll of identify {unknown}
Potions
 f - 2 potions of mutation {unknown}

Dungeon Overview and Level Annotations

Branches:
Dungeon (3/15)

Altars:
Gozag

▒▒ ▒. ▒▒▒.▒▒▒▒▒▒▒▒▒▒
........▒...▒ ...▒▒▒.▒▒
▒...<.▒ ........▒
▒▒..H.▒ ▒▒▒▒▒.▒.▒▒
▒▒SW.▒▒▒▒. .▒▒ ▒.▒..▒
▒▒........▒ ..▒
▒.▒▒.▒▒▒.......... ▒.▒
▒.▒▒.............▒
▒▒£▒▒▒......▒▒▒..▒▒▒▒..
▒▒......▒..▒▒▒ ...▒ .
▒...▒▒▒...... ▒.▒▒
.....<.....▒▒▒ ▒.▒


You could see a phantom and an adder.


Message History

Found 7 gold pieces.
You barely miss the phantom. The phantom hits you.
The phantom blinks!
You blink.
A frilled lizard comes into view.
Unknown command.
You closely miss the phantom.
The frilled lizard hisses angrily.
The phantom hits you but does no damage.
Unknown command.
The phantom hits you.
* * * LOW HITPOINT WARNING * * *
The phantom blinks!
You blink.
The phantom hits you but does no damage.
You feel very mighty all of a sudden. You block the phantom's attack.
You miss the phantom.
The phantom hits you but does no damage.
You hit the phantom.
The phantom is lightly damaged.
The phantom hits you but does no damage.
Unknown command.
You slash the phantom!
The phantom is heavily damaged.
The phantom hits you!
* * * LOW HITPOINT WARNING * * *
The phantom hits you.
You die...

Action                   || total
-------------------------++-------
Melee: Long sword        ||    84
       Tailslap          ||    10
 Abil: Rolling Charge    ||     1
  Use: Potion            ||     1
Armor: Scale mail        ||    38
Dodge: Dodged            ||    25
Block: Buckler           ||    12

Levels and vault maps discovered:
D:1:      lemuel_arrival_rhombus, layout_basic
D:2:      layout_basic, basic_altar, minmay_liquid_box
D:3:      layout_rooms

Notes
Turn   | Place    | Note
-------+----------+-------------------------------------------
     0 | D:1      | sanka the Palentonga Fighter began the quest for the Orb.
     0 | D:1      | Reached XP level 1. HP: 19/19 MP: 1/1
   548 | D:1      | Reached XP level 2. HP: 25/25 MP: 2/2
   870 | D:1      | Reached skill level 3 in Long Blades
  1245 | D:2      | Reached XP level 3. HP: 31/31 MP: 3/3
  1582 | D:2      | Reached skill level 4 in Long Blades
  1639 | D:2      | Found an opulent altar of Gozag.
  1744 | D:3      | Noticed a phantom
  1762 | D:3      | Slain by a phantom

Vanquished Creatures
  An adder (D:2)
  2 worms (D:2)
  6 endoplasms
  5 giant cockroaches
  2 goblins
  3 hobgoblins
  3 quokkas
  4 ball pythons
  3 bats
  2 frilled lizards (D:1)
  A kobold (D:2)
32 creatures vanquished.
